[Event "ESP-ch Teams Primera 2022"]
[Site "Sanxenxo Pontevedra"]
[Date "2022.09.19"]
[Round "3.1"]
[White "Alsina Leal, Daniel"]
[Black "Bacrot, Etienne"]
[Result "1/2-1/2"]
[ECO "C02"]
[WhiteElo "2525"]
[BlackElo "2647"]
[Annotator "TA"]
[PlyCount "40"]
[EventDate "2022.09.17"]
[EventType "team-tourn"]
[EventCountry "ESP"]
[SourceTitle "playchess.com"]
[Source "ChessBase"]
[SourceQuality "1"]
[TimeControl "5400+30"]

1. e4 e6 2. d4 d5 3. e5 c5 4. c3 Nc6 5. Nf3 Qb6 6. Be2 cxd4 7. cxd4 Nh6 8. Bxh6 $1 {[%emt 0:00:31][%mdl 4] [#] Bc1 is the strong threat. is more profitable than 8.Nc3 at the moment.} Qxb2 {[%emt 0:00:19] EASY. C02: French: Advance Variation.} 9. Nbd2 {[%emt 0:00:35] Hoping for Be3. EASY} gxh6 {[%emt 0:00:08] EASY} 10. O-O {[%emt 0:00:28] [#] CPLX 2.8 23 (Nd2-b3) (=8)} b6 $146 {[%emt 0:00:54] CPLX 2.9 23 (Nc6xd4) (=8). Black has an edge.} ({Predecessor:} 10... Bd7 11. Nb3 Qa3 12. Ne1 Be7 13. Qd2 Qb4 14. Qe3 Qa4 15. Nd3 Rg8 16. Rfd1 b6 {1-0 (38) Moussard,J (2670)-Bacrot,E (2648) Albi 2022}) 11. Rc1 {[%emt 0:01:42] CPLX 2.9 0 (Ra1-b1) (=6). The position is equal.} Bd7 {[%emt 0:02:36] CPLX 3.4} 12. Nb1 {[%emt 0:07:59][%cal Bd2b1,Bb1c3,Bc3b5][%mdl 32] BESTDEEP} Bg7 {[%emt 0:26:30] BESTDEEP} ({Don't play} 12... Qxa2 13. Nc3 Qa5 14. Nb5 $14) 13. Nc3 {[%emt 0:22:52] BESTDEEP} O-O {[%emt 0:00:50] CPLX 3.0} 14. Nb5 {[%emt 0:10:40] BESTDEEP} Nxe5 {[%emt 0:07:51] CPLX 3.3} 15. Rb1 $1 {[%emt 0:20:14] DEEPSTRONG} Nxf3+ {[%emt 0:00:20] EASY} 16. gxf3 {[%emt 0:00:19] RECAPT} Qxa2 {[%emt 0:00:17] [#] Strongly threatening ...Rfc8. EASY} 17. Ra1 $1 {[%emt 0:00:19] CPLX 3.2} Qb2 {[%emt 0:00:10] EASY} 18. Rb1 {[%emt 0:00:18] CPLX 3.4} Qa2 {[%emt 0:00:05] And now ...Rfc8 would win. EASY} 19. Ra1 $1 {[%emt 0:00:08] CPLX 3.2} Qb2 {[%emt 0:00:04] EASY} 20. Rb1 {[%emt 0:00:08] CPLX 3.4} Qa2 {[%emt 0:00:10] An even fight not without its subleties.  Weighted Error Value: White=0.02 (flawless) /Black=0.03 (flawless)} 1/2-1/2

[Event "ESP-ch Teams Primera 2022"]
[Site "Sanxenxo Pontevedra"]
[Date "2022.09.19"]
[Round "3.2"]
[White "Naiditsch, Arkadij"]
[Black "Lorenzo De La Riva, Lazaro"]
[Result "1-0"]
[ECO "A15"]
[WhiteElo "2666"]
[BlackElo "2430"]
[Annotator "TA"]
[PlyCount "41"]
[EventDate "2022.09.17"]
[EventType "team-tourn"]
[EventCountry "ESP"]
[SourceTitle "playchess.com"]
[Source "ChessBase"]
[SourceQuality "1"]
[TimeControl "5400+30"]

1. c4 Nf6 2. Nf3 g6 3. g3 Bg7 4. Bg2 d6 5. d4 c6 6. O-O {E60: King's Indian: Unusual lines and Fianchetto Variation without Nc3.} Qa5 {[#] CPLX 2.0 1 (0-0) (=1)} 7. Re1 $146 {CPLX 2.1 13 (Bc1-d2) (=7)} ({Predecessor:} 7. h3 O-O 8. Nc3 e5 9. e4 exd4 10. Nxd4 Qc5 11. Nb3 Qb4 12. Re1 a5 13. Nd2 a4 14. a3 Qa5 15. Nf1 Ne8 16. Bd2 Be6 17. Ne3 Nd7 18. Qe2 Nc5 19. Red1 Nb3 {0-1 (35) Leiva Rodriguez,J (2391)-Ivanisevic,I (2604) Chess.com INT 2020}) 7... Qh5 {RELBLUND 76 (0-0) (=26)} (7... O-O $11 {remains equal.}) 8. e4 $16 {[%cal Be2e4,Be4e5,Be5f6,Bf6g7][%mdl 32] CPLX 2.2. White is better.} Bh3 {CPLX 2.3 0 (0-0) (=19)} 9. e5 {CPLX 2.5} Bxg2 $4 {[%mdl 8192] [#] RELBLUND 289 (d6xe5) (=73)} (9... dxe5 $16 {is a better defense.} 10. Rxe5 Bf5) 10. exf6 $18 {EASY} ({Weaker is} 10. Kxg2 dxe5 11. dxe5 (11. Rxe5 Qg4 $16) 11... Nfd7 $18) 10... Bxf3 {CPLX 4.3 54 (Bg7xf6) (=70)} 11. fxg7 {EASY} Rg8 {EASY} 12. Qb3 {EASY} Nd7 {CPLX 4.3} 13. Nd2 {CPLX 5.0} ({Wrong is} 13. Qxb7 $2 Rb8 14. Qxb8+ (14. Qxa7 {is a self mate.} Qh3) 14... Nxb8 $19) 13... Bg4 {CPLX 4.9} 14. Qxb7 {CPLX 3.6} Rb8 {CPLX 5.4} 15. Qxc6 {EASY} Rxg7 {CPLX 5.0 4 (f7-f6) (=39)} 16. Qxd6 {[%csl Ge1][%cal Rd6e7] [#] CPLX 3.7} f5 {CPLX 4.7 214 (f7-f6) (=53)} (16... f6 $142 17. b3 Kf8) 17. b3 {CPLX 4.8 178 (f2-f3) (=16). White is clearly winning.} Rb6 {EVAL 400 (Ke8-d8) (=80)} (17... Kd8 $142 18. Qa6 f4 19. Qxa7 Qh3 20. Qa5+ Ke8) 18. Qc7 {EVAL} f4 {BEVAL 47 (Rb6-b8) (=78)} 19. Ba3 {White threatens Qc8+ and mate. EVAL} e5 {BEVAL 400 (Rb6-b8) (=99)} 20. Rxe5+ {BEVAL 136 (Nd2-f3) (=22)} Nxe5 {BEVAL} 21. Qxg7 {Black got outplayed after the opening.  Weighted Error Value: White=0.31/Black=0.66} 1-0

[Event "ESP-ch Teams Primera 2022"]
[Site "Sanxenxo Pontevedra"]
[Date "2022.09.19"]
[Round "3.3"]
[White "Alonso Moyano, Jonathan"]
[Black "Ponomariov, Ruslan"]
[Result "0-1"]
[ECO "A45"]
[WhiteElo "2348"]
[BlackElo "2640"]
[Annotator "TA"]
[PlyCount "88"]
[EventDate "2022.09.17"]
[EventType "team-tourn"]
[EventCountry "ESP"]
[SourceTitle "playchess.com"]
[Source "ChessBase"]
[SourceQuality "1"]
[TimeControl "5400+30"]

1. d4 Nf6 2. Bf4 b6 3. f3 e6 4. e4 d5 5. Nc3 Bb4 {[%emt 0:01:02] [#] CPLX 2.3 2 (d5xe4) (=2)} 6. e5 $146 {[%emt 0:05:31] CPLX 2.6 27 (Ng1-e2) (=27). A45: Trompowsky Attack.} (6. Nge2 $5 ) ({Predecessor:} 6. Bg5 h6 7. Bxf6 Qxf6 8. Nge2 dxe4 9. fxe4 Bb7 10. Qd3 Qh4+ 11. Ng3 Nc6 12. O-O-O {0-1 (34) Agrest,E (2568)-Markoja,B (2453) Chess.com INT 2021}) 6... Ng8 {[%emt 0:07:17] CPLX 2.5 21 (Nf6-d7) (=12)} 7. Nge2 {[%emt 0:09:34] CPLX 2.5 0 (Qd1-d2) (=14)} Ba6 {[%emt 0:03:37] CPLX 2.5 1 (Ng8-e7) (=8)} 8. a3 {[%emt 0:09:04] CPLX 2.9. The position is equal.} Be7 {[%emt 0:01:19] CPLX 3.2 7 (Bb4xc3) (=8)} 9. Qd2 {[%emt 0:05:41] BESTDEEP} h5 {[%emt 0:06:37] CPLX 2.4 19 (c7-c5) (=10)} 10. g3 {[%emt 0:12:48] CPLX 2.3 31 (0-0-0) (=12)} c5 {[%emt 0:02:04] BESTDEEP} 11. h4 {[%emt 0:01:46] CPLX 2.5 0 (0-0-0) (=10)} Nc6 {[%emt 0:01:34] CPLX 2.4 0 (Qd8-d7) (=7)} 12. Be3 {[%emt 0:09:32] CPLX 2.5 48 (0-0-0) (=15)} (12. O-O-O $11 {is superior.}) 12... Rc8 {[%emt 0:02:21] CPLX 2.5 48 (Nc6-a5) (=12)} (12... Na5 $15) 13. Bh3 {[%emt 0:07:42] CPLX 2.5 27 (0-0-0) (=17)} cxd4 {[%emt 0:04:47] CPLX 2.4} 14. Bxd4 {[%emt 0:00:31] RECAPT 12 (Ne2xd4) (=16)} Bc5 {[%emt 0:12:39] CPLX 2.6} 15. f4 {[%emt 0:01:42] CPLX 2.8 4 (0-0-0) (=15)} Nge7 {[%emt 0:00:44] Against f5. CPLX 2.8} 16. O-O-O {[%emt 0:04:03] CPLX 2.8 10 (Bd4-f2) (=14)} g6 {[%emt 0:00:54] RELBLUND 81 (Qd8-c7) (=15)} ({Much weaker is} 16... Nxd4 $6 17. Nxd4 Qd7 18. Kb1 $11) ({Black should try} 16... Qc7 $1 $17 {[%cal Oc5a3] Threatens to win with ...Bxa3!} 17. Bg1 Na5) 17. Kb1 {[%emt 0:04:22] CPLX 2.7 30 (g3-g4) (=16)} Qc7 {[%emt 0:04:12] With the idea ...Bxe2. CPLX 2.8 0 (Ba6xe2) (=14)} (17... Bxe2 $5 18. Nxe2 Nxd4 19. Nxd4 Bxd4 20. Qxd4 Qc7 $11) 18. Rh2 {[%emt 0:05:13] CPLX 2.8 15 (Bd4-g1) (=16)} Nf5 {[%emt 0:01:30] BESTDEEP} 19. Bxf5 {[%emt 0:00:18] CPLX 3.0} gxf5 {[%emt 0:00:04] RECAPT} 20. Qe3 {[%emt 0:04:51] CPLX 2.9 17 (Bd4-f2) (=15)} Be7 {[%emt 0:07:36] CPLX 3.0} 21. Qf3 {[%emt 0:02:10] CPLX 2.7 3 (Rh2-g2) (=14)} Bc4 {[%emt 0:03:52] CPLX 2.8 11 (b6-b5) (=11)} 22. a4 {[%emt 0:05:39] White is now going downhill. CPLX 3.0 49 (Bd4-f2) (=16)} (22. Bf2 $15 {deserves consideration.}) 22... a6 $17 {[%emt 0:02:04] BESTDEEP} 23. Be3 {[%emt 0:05:32] [#] CPLX 3.0 49 (Bd4-f2) (=18)} (23. Bf2 $142) 23... b5 $1 {[%emt 0:01:29][%cal Bb6b5,Bb5b4,Bb4b3][%mdl 32] BESTDEEP} 24. Nd4 {[%emt 0:00:18] [#] CPLX 3.4 1 (b2-b3) (=17)} Qa5 $1 {[%emt 0:06:04] DEEPSTRONG} 25. Nxc6 {[%emt 0:01:15] CPLX 3.8 24 (Rd1-g1) (=17)} Rxc6 {[%emt 0:00:05] RECAPT} 26. Bd2 $2 {[%emt 0:00:02] CPLX 3.4 187 (Be3-f2) (=25)} (26. Bf2) 26... b4 $19 {[%emt 0:03:02] EASY} 27. Ne2 {[%emt 0:00:39] [#] Strongly threatening Nd4. CPLX 3.1} Ba2+ $1 {[%emt 0:05:56][%cal Bc4a2,Ba2b1,Bb1e4][%mdl 544] DEEPSTRONG} 28. Kc1 {[%emt 0:00:45] DEEPSTRONG} Qxa4 {[%emt 0:00:05][%csl Ga4][%cal Rc6c2] BESTDEEP} 29. Nd4 {[%emt 0:00:26] EASY} Rc4 {[%emt 0:00:06] CPLX 4.4} 30. Be3 {[%emt 0:00:20] CPLX 4.5} b3 {[%emt 0:00:23] BESTDEEP} 31. c3 {[%emt 0:01:42] [#] EASY} Bb1 $1 {[%emt 0:00:18][%mdl 512] BESTDEEP} 32. Kd2 {[%emt 0:00:38] DEEPSTRONG} ({Not} 32. Kxb1 $2 Qa2+ 33. Kc1 Rxc3+ 34. Kd2 Qxb2+ 35. Ke1 Qxh2) 32... Be4 {[%emt 0:00:36] Really sharp! CPLX 5.3} 33. Qe2 {[%emt 0:00:17] CPLX 5.4 93 (Qf3-f2) (=22)} Rg8 {[%emt 0:03:19][%cal Bh8g8,Bg8g4,Bg4g3][%mdl 32] CPLX 5.1} 34. Bf2 {[%emt 0:00:35] CPLX 5.3 16 (Rh2-h3) (=22)} Bc5 {[%emt 0:03:17] CPLX 5.4} 35. Ke1 {[%emt 0:00:42] EASY} Rg4 {[%emt 0:02:13] CPLX 4.1 69 (Be4-c2) (=8)} 36. Kf1 {[%emt 0:00:22] CPLX 4.2 75 (Qe2-d2) (=23)} Bc2 {[%emt 0:01:23] CPLX 3.6 151 (Bc5xd4) (=13)} 37. Nxc2 {[%emt 0:00:33] CPLX 3.8 188 (Rh2-g2) (=28)} (37. Rg2 $142) 37... bxc2 {[%emt 0:00:04] RECAPT} 38. Rc1 {[%emt 0:00:04] CPLX 4.3} Bxf2 {[%emt 0:00:58] CPLX 4.0} 39. Rxf2 {[%emt 0:00:01] MISS-Qe2xf2 400 (Qe2xf2) (=38)} (39. Qxf2 $142 Qb5 40. Ke1) 39... Rxg3 {[%emt 0:00:18] ( -> ...Re4). EASY} 40. b3 {[%emt 0:00:34] RELBLUND 400 (Rc1xc2) (=49)} Qxb3 {[%emt 0:00:11] EASY. Black mates.} 41. Qxh5 {[%emt 0:00:07] MISS-Rc1xc2 14 (Rc1xc2) (=48)} Rcxc3 {[%emt 0:01:16] CPLX 5.8 1 (Qb3-a3) (=11)} 42. Qh8+ {[%emt 0:00:52] RELBLUND 1 (Qh5-e2) (=47)} Kd7 {[%emt 0:00:08] BESTDEEP} 43. Qf8 {[%emt 0:00:42] RELBLUND 5 (Qh8-h5) (=45)} Qc4+ {[%emt 0:00:09] EASY} 44. Re2 {[%emt 0:00:37] EASY} Qxf4+ {[%emt 0:00:19] Weighted Error Value: White=0.52/Black=0.13 (very precise)} 0-1

[Event "ESP-ch Teams Primera 2022"]
[Site "Sanxenxo Pontevedra"]
[Date "2022.09.19"]
[Round "3.4"]
[White "Franco Alonso, Alejandro"]
[Black "Martinez Ramirez, Erik"]
[Result "1-0"]
[ECO "A05"]
[WhiteElo "2432"]
[BlackElo "2181"]
[Annotator "TA"]
[PlyCount "53"]
[EventDate "2022.09.17"]
[EventType "team-tourn"]
[EventCountry "ESP"]
[SourceTitle "playchess.com"]
[Source "ChessBase"]
[SourceQuality "1"]
[TimeControl "5400+30"]

1. Nf3 Nf6 2. c4 g6 3. Nc3 d5 4. cxd5 Nxd5 5. Qb3 Nb6 6. d4 Bg7 7. e4 {CPLX 2.6 16 (Bc1-f4) (=16)} Bg4 {BESTDEEP. D90: Grünfeld: 4 Nf3 Bg7 sidelines.} 8. Bb5+ {CPLX 3.4 6 (d4-d5) (=11)} c6 {...Bxf3 is the strong threat. EASY} 9. Ng5 {CPLX 3.1} O-O {CPLX 4.0. The position is equal.} 10. Be2 {BESTDEEP} Bc8 {MISS-Bg4xe2 37 (Bg4xe2) (=9)} 11. Nf3 {CPLX 3.8 31 (h2-h4) (=11)} (11. h4 $5 ) 11... Bg4 {BESTDEEP} 12. Ng5 $36 {[%mdl 2048] White fights for an advantage. BESTDEEP} Bc8 {MISS-Bg4xe2 4 (Bg4xe2) (=7)} 13. Nf3 {CPLX 3.8 0 (h2-h4) (=8)} Bg4 {BESTDEEP} 14. Ng5 {BESTDEEP} Bc8 {MISS-Bg4xe2 33 (Bg4xe2) (=9)} 15. Be3 {[#] RELBLUND 62 (h2-h4) (=13)} (15. h4 $14) 15... Bxd4 $146 {EASY} ({Predecessor:} 15... h6 16. Nf3 Be6 17. Qc2 a5 18. O-O a4 19. Rfd1 a3 20. bxa3 Nc4 21. Bxc4 Bxc4 22. a4 Nd7 23. Rab1 Ba6 24. h3 Qa5 25. Qb3 Rad8 {0-1 (58) Agbabishvili,L (1954)-Allor,C (2154) Caleta 2013}) 16. Rd1 $1 {CPLX 4.0} c5 {RELBLUND 110 (e7-e5) (=18)} (16... e5 $11 {remains equal.}) 17. h4 $1 $16 {aiming for h5. White has more active pieces. DEEPSTRONG=>BLUNDERREACT} Nc6 {[#] CPLX 4.3 112 (Bc8-d7) (=27)} (17... Bd7 $16 {was worth a try.}) 18. h5 $1 $18 {Threatens to win with hxg6. DEEPSTRONG=>BLUNDERREACT} Qe8 $2 {CPLX 4.6 347 (Qd8-d6) (=54)} ({Less strong is} 18... Na5 19. Qc2 (19. Qb5 Nc6 $16)) (18... Qd6 {is tougher.}) 19. hxg6 {EASY. White is clearly winning.} hxg6 {RECAPT 65 (Bd4xe3) (=54)} 20. Nb5 {[%cal Re3d4] CPLX 4.3} c4 {[#] BEVAL 400 (Bd4-e5) (=79)} 21. Qa3 {MISSDEEP-Be3xd4 400 (Be3xd4) (=34)} (21. Bxd4 $142 $1 Nxd4 22. Qg3 Qxb5 23. Qh4) 21... Bxe3 {BEVAL 400 (Bd4-e5) (=101)} 22. Qxe3 {BEVAL} Nb4 {[#] BEVAL 400 (Kg8-g7) (=119)} 23. Qc3 $1 {[%csl Gh1,LRb4,LRc4][%cal Rc3h8] BEVAL 400 (Qe3-f4) (=54)} Nc2+ {BEVAL} 24. Kf1 {[%csl Gh1][%cal Rc3h8] BEVAL} Ne3+ {BEVAL} 25. fxe3 {[%csl Gh1][%cal Rc3h8] BEVAL} f6 {BEVAL} 26. Bxc4+ {BEVAL} e6 {BEVAL 400 (Nb6xc4) (=115)} 27. Nh7 {Weighted Error Value: White=0.27 (precise) /Black=0.78} 1-0

[Event "ESP-ch Teams Primera 2022"]
[Site "Sanxenxo Pontevedra"]
[Date "2022.09.19"]
[Round "3.5"]
[White "Bosque Ortega, Xavier"]
[Black "Gonzalez De La Torre, Santiago"]
[Result "0-1"]
[ECO "D02"]
[WhiteElo "2164"]
[BlackElo "2439"]
[Annotator "TA"]
[PlyCount "68"]
[EventDate "2022.09.17"]
[EventType "team-tourn"]
[EventCountry "ESP"]
[SourceTitle "playchess.com"]
[Source "ChessBase"]
[SourceQuality "1"]
[TimeControl "5400+30"]

1. d4 Nf6 2. Nf3 d5 3. Bf4 c5 4. e3 Qb6 5. Nc3 a6 {[%emt 0:00:05] BESTDEEP} 6. a3 {[%emt 0:01:41] D02: 1 d4 d5 2 Nf3 sidelines, including 2...Nf6 3 g3 and 2...Nf6 3 Bf4.} Nc6 {[%emt 0:01:35] BESTDEEP} 7. dxc5 {[%emt 0:12:26] BESTDEEP} Qxc5 {[%emt 0:00:14] RECAPT} 8. Be2 {[%emt 0:00:41] CPLX 2.4 11 (Qd1-d2) (=4). The position is equal.} e6 {[%emt 0:06:41] CPLX 2.5} 9. O-O {[%emt 0:00:40] CPLX 2.5} Be7 {[%emt 0:00:05] [#] CPLX 2.6} 10. Rb1 $146 {[%emt 0:18:47][%cal Ob2b4] CPLX 2.6 10 (Be2-d3) (=4)} ({Predecessor:} 10. Bd3 O-O 11. h3 Nd7 12. e4 d4 13. b4 Qa7 14. Ne2 Bf6 15. Qd2 Nde5 16. Bxe5 Nxe5 17. Nxe5 Bxe5 {1-0 (35) Chazalette,J (2316)-Nenciulescu,S (2306) ICCF email 2012}) 10... b5 {[%emt 0:09:41] CPLX 2.6 10 (0-0) (=2)} 11. b4 {[%emt 0:09:53] BESTDEEP} Qb6 {[%emt 0:09:39] BESTDEEP} ({But not} 11... Qxc3 12. Rb3 Ne4 13. Rxc3 Nxc3 14. Qe1 Nxe2+ 15. Qxe2 $16) 12. a4 {[%emt 0:01:48][%cal Ra4b5] BESTDEEP} O-O {[%emt 0:00:12] CPLX 2.9 4 (Be7xb4) (=2)} 13. axb5 {[%emt 0:00:42] CPLX 3.0} Nxb4 {[%emt 0:00:08] BESTDEEP} 14. Na4 {[%emt 0:16:35] CPLX 2.9} Qa5 {[%emt 0:00:13] EASY} 15. c3 {[%emt 0:00:17] CPLX 3.3 35 (Rb1-a1) (=6)} axb5 {[%emt 0:00:07] EASY} 16. cxb4 {[%emt 0:00:14] CPLX 3.3} Qxa4 {[%emt 0:00:09] EASY} 17. Qd4 {[%emt 0:00:09] Threatens to win with Ra1. BESTDEEP} Bd7 {[%emt 0:05:29] CPLX 2.6} 18. Ne5 {[%emt 0:01:34] CPLX 2.6} h6 {[%emt 0:09:49] Against Bg5. BESTDEEP} 19. Qb6 {[%emt 0:15:41] CPLX 2.9 47 (Qd4-d3) (=7)} (19. Qd3 $15 {should be considered.}) 19... Rfb8 {[%emt 0:14:04] CPLX 3.1 0 (Bd7-e8) (=1)} 20. Nxd7 {[%emt 0:09:46] This move loses the game for White. RELBLUND 207 (Qb6-d4) (=21)} (20. Qd4 $17) 20... Rxb6 $19 {[%emt 0:00:09] EASY} 21. Nxb6 {[%emt 0:00:02] RECAPT} Qc2 {[%emt 0:00:06] CPLX 4.2} 22. Nxa8 {[%emt 0:00:24] BESTDEEP} Qxe2 {[%emt 0:00:05] EASY} 23. Rfe1 {[%emt 0:00:24] BESTDEEP} Qa2 {[%emt 0:01:56] CPLX 3.9} 24. Ra1 {[%emt 0:01:26] CPLX 3.8 0 (Na8-c7) (=16)} Qd2 {[%emt 0:00:09] CPLX 3.9 1 (Qa2-c4) (=1)} 25. Nc7 {[%emt 0:01:29] CPLX 3.6 55 (Re1-d1) (=18)} Ne4 {[%emt 0:00:08] CPLX 4.0} ({Stronger than} 25... Qxb4 26. Rab1 Qa5 27. Nxb5 $17) ({And not} 25... Bxb4 26. Nxb5 Ne4 27. Rf1 $17) 26. Bg3 {[%emt 0:00:34] CPLX 5.2 58 (Re1-f1) (=20)} Nc3 {[%emt 0:07:29] CPLX 4.1 78 (Be7xb4) (=4)} 27. Be5 {[%emt 0:02:10] BESTDEEP} Bxb4 {[%emt 0:00:04] ...Ne4 is the strong threat. CPLX 4.2} 28. Bxc3 {[%emt 0:01:39] CPLX 4.3 104 (Nc7-a6) (=23)} Bxc3 {[%emt 0:00:05] RECAPT} 29. Red1 {[%emt 0:00:50] [#] CPLX 4.0 126 (Ra1-b1) (=27)} Qe2 $1 {[%emt 0:00:05] CPLX 4.1. Black is clearly winning.} 30. Ra8+ {[%emt 0:01:58] CPLX 3.9 400 (Ra1-b1) (=42)} (30. Rab1 $142 b4 31. Rdc1) 30... Kh7 {[%emt 0:00:08][%cal Re2d1] LEGAL} 31. Rf1 {[%emt 0:00:30] BESTDEEP} Be5 {[%emt 0:00:28] And now ...Bxh2+ would win. EASY} 32. Ra7 {[%emt 0:00:36] [#] CPLX 4.5 400 (Nc7xb5) (=54)} Bxh2+ $1 {[%emt 0:00:09][%mdl 512] CPLX 4.3=>BLUNDERREACT} 33. Kxh2 {[%emt 0:00:30] RECAPT} Qxf1 {[%emt 0:00:05] EASY} 34. Nxb5 {[%emt 0:00:06] CPLX 3.2 0 (f2-f3) (=50)} Qxb5 {[%emt 0:00:06] Weighted Error Value: White=0.67/Black=0.05 (flawless)} 0-1

[Event "ESP-ch Teams Primera 2022"]
[Site "Sanxenxo Pontevedra"]
[Date "2022.09.19"]
[Round "3.6"]
[White "Buiza Prieto, Eihartze"]
[Black "Castillo Escario, Yolanda"]
[Result "1-0"]
[ECO "A13"]
[WhiteElo "2080"]
[BlackElo "2035"]
[Annotator "NA"]
[PlyCount "125"]
[EventDate "2022.09.17"]
[EventType "team-tourn"]
[EventCountry "ESP"]
[SourceTitle "playchess.com"]
[Source "ChessBase"]
[SourceQuality "1"]
[TimeControl "5400+30"]

1. c4 e6 2. Nf3 d5 3. g3 Nf6 4. Bg2 c6 5. b3 Nbd7 6. Bb2 Be7 7. O-O O-O 8. d4 b6 9. Nbd2 Bb7 10. Rc1 Rc8 11. Re1 Re8 12. Rf1 Rf8 13. Re1 Re8 14. Ne5 Nf8 15. e3 N6d7 16. a3 f6 17. Nd3 Bd6 18. e4 dxe4 19. Nxe4 Bc7 20. b4 e5 21. dxe5 Nxe5 22. Nxe5 fxe5 23. c5 Qd7 24. Nd6 Bxd6 25. Qxd6 bxc5 26. Qxc5 Ng6 27. Bxe5 Nxe5 28. Rxe5 Rxe5 29. Qxe5 Re8 30. Qc5 Rc8 31. Qxa7 Ra8 32. Qc5 Rxa3 33. Bxc6 Qxc6 34. Qxc6 Bxc6 35. Rxc6 Rb3 36. Rb6 Kf7 37. h3 Rb2 38. Kg2 h6 39. h4 h5 40. Kf3 g6 41. Ke3 Kg7 42. f3 Kh6 43. Rb7 Rg2 44. Kf4 Rh2 45. Rb6 Rh3 46. Rc6 Rh1 47. Rc4 Rg1 48. b5 Rb1 49. Rc5 Rb4+ 50. Ke5 Rb3 51. Ke4 Rb4+ 52. Kd5 Rb3 53. Kc6 Rxf3 54. b6 Rf6+ 55. Kc7 Rf7+ 56. Kc8 Rf8+ 57. Kb7 Rf3 58. Rg5 Rf7+ 59. Ka8 Rf6 60. Ka7 Rf3 61. b7 Ra3+ 62. Kb6 Rb3+ 63. Rb5 1-0

[Event "ESP-ch Teams Primera 2022"]
[Site "Sanxenxo Pontevedra"]
[Date "2022.09.19"]
[Round "3.7"]
[White "Cordova, Emilio"]
[Black "Bjerre, Jonas Buhl"]
[Result "1/2-1/2"]
[ECO "A33"]
[WhiteElo "2550"]
[BlackElo "2598"]
[Annotator "TA"]
[PlyCount "79"]
[EventDate "2022.09.17"]
[EventType "team-tourn"]
[EventCountry "ESP"]
[SourceTitle "playchess.com"]
[Source "ChessBase"]
[SourceQuality "1"]
[TimeControl "5400+30"]

1. Nf3 c5 2. c4 Nc6 3. Nc3 Nf6 4. d4 cxd4 5. Nxd4 e6 6. g3 Qb6 7. Ndb5 Ne5 {[%emt 0:03:02] aiming for ...Bc5.} 8. Bf4 {[%emt 0:04:45] BESTDEEP. A33: Symmetrical English: 2 Nf3 Nf6 3 d4 cxd4 4 Nxd4 e6 5 Nc3 Nc6.} Nfg4 {[%emt 0:01:50][%cal Oe5f3] [#] ( -> ...Nf3+!). BESTDEEP} 9. e3 {[%emt 0:00:33] Black must now prevent Be2. CPLX 3.4 8 (Qd1-a4) (=4)} a6 {[%emt 0:01:48] BESTDEEP} 10. h3 {[%emt 0:05:54] CPLX 3.6} axb5 {[%emt 0:02:33] EASY} 11. hxg4 {[%emt 0:00:38] EASY} Nxc4 {[%emt 0:00:45] CPLX 3.2} 12. Qb3 $1 {[%emt 0:00:05][%csl LRb5,LRc4] DEEPSTRONG} d5 $1 {[%emt 0:07:03] [#] And now ...b4 would win. DEEPSTRONG} 13. Bxc4 {[%emt 0:01:43] EASY} dxc4 {[%emt 0:00:35] RECAPT} 14. Qxb5+ {[%emt 0:00:23] EASY} Qxb5 {[%emt 0:00:59] RECAPT} 15. Nxb5 {[%emt 0:00:06] RECAPT} Ra5 {[%emt 0:06:30] BESTDEEP} 16. Nd6+ {[%emt 0:09:37] CPLX 2.2} Bxd6 {[%emt 0:00:16] EASY} 17. Bxd6 {[%emt 0:00:07] RECAPT} e5 {[%emt 0:08:06] BESTDEEP} 18. g5 {[%emt 0:01:19] BESTDEEP} Bg4 {[%emt 0:04:41] BESTDEEP} 19. Rh4 {[%emt 0:26:42] CPLX 2.1 0 (Bd6-b4) (=1)} h5 {[%emt 0:06:16] CPLX 2.4} 20. gxh6 {[%emt 0:08:43] EASY} Rxh6 {[%emt 0:01:07] RECAPT} 21. Rxh6 {[%emt 0:00:11] RECAPT} gxh6 $11 {[%emt 0:00:05][%mdl 4096] [#] Endgame KRB-KRB. RECAPT} 22. f4 $146 {[%emt 0:03:08] CPLX 2.0 8 (a2-a4) (=1)} ({Predecessor:} 22. Bb4 Rd5 {½-½ (22) Augustin,D-Guballa,J corr 1998}) 22... exf4 {[%emt 0:10:15] CPLX 2.1} 23. exf4 {[%emt 0:03:31] RECAPT 5 (Bd6xf4) (=1)} Rh5 {[%emt 0:04:58] EASY} 24. Rc1 {[%emt 0:00:19] EASY} b5 {[%emt 0:02:04] CPLX 2.0 21 (Rh5-h1) (=1)} 25. Be5 {[%emt 0:02:11] CPLX 2.0 4 (a2-a4) (=1)} Rh2 {[%emt 0:04:54] CPLX 2.0} 26. a4 {[%emt 0:01:21] BESTDEEP} Rh1+ {[%emt 0:02:23] BESTDEEP} 27. Kd2 {[%emt 0:00:06] EASY} Rxc1 {[%emt 0:00:20] CPLX 2.4} 28. Kxc1 {[%emt 0:00:06] RECAPT} bxa4 {[%emt 0:00:05] KB-KB. EASY} 29. Kd2 {[%emt 0:00:30] CPLX 2.0 0 (Kc1-c2) (=1)} Ke7 {[%emt 0:00:52] CPLX 2.0} 30. Kc3 {[%emt 0:01:09] CPLX 2.0} Be2 {[%emt 0:00:50] CPLX 2.0} 31. Kb4 {[%emt 0:02:02] CPLX 2.0} Ke6 {[%emt 0:00:44] CPLX 2.0} 32. Kxa4 {[%emt 0:01:01] CPLX 2.0 15 (Be5-c7) (=2)} Kf5 {[%emt 0:00:57] CPLX 2.0} 33. Kb4 {[%emt 0:00:17] CPLX 2.0} Kg4 {[%emt 0:01:30] Threatens to win with ...f5. CPLX 2.0} 34. f5 $1 {[%emt 0:00:05] DEEPSTRONG} Kxf5 {[%emt 0:00:16] CPLX 2.0} 35. Bb8 {[%emt 0:00:05] BESTDEEP} Kg4 {[%emt 0:00:35] CPLX 2.0 0 (Kf5-e4) (=1)} 36. b3 {[%emt 0:00:05] BESTDEEP} cxb3 {[%emt 0:00:11] EASY} 37. Kxb3 {[%emt 0:00:04] RECAPT} f5 {[%emt 0:00:14] CPLX 2.0 3 (Kg4-f3) (=1)} 38. Kc3 {[%emt 0:00:05] CPLX 2.0. The position is equal.} h5 {[%emt 0:00:06] CPLX 2.0 0 (Be2-f3) (=1)} 39. Kd2 {[%emt 0:00:03] CPLX 2.0 0 (Kc3-d4) (=1)} Ba6 {[%emt 0:00:14] CPLX 2.0 0 (Be2-c4) (=1)} 40. Ke3 {[%emt 0:00:08] An interesting draw.  Weighted Error Value: White=0.02 (flawless) /Black=0.01 (flawless)} 1/2-1/2